 Dungeon Crawl Stone Soup version 0.20-a0-1116-gaa52201 (webtiles) character file.

70 grindst0ne the Skirmisher (level 4, -4/37 HPs)
             Began as a Demonspawn Berserker on May 8, 2017.
             Was a Believer of Trog.
             Slain by a gnoll
             ... wielding a +2 spear of distortion
              (26 damage)
             ... on level 2 of the Dungeon.
             The game lasted 00:03:15 (1512 turns).

grindst0ne the Skirmisher (Demonspawn Berserker)    Turns: 1512, Time: 00:03:16

Health: -4/37      AC:  8    Str: 17    XL:     4   Next: 3%
Magic:  4/4        EV: 10    Int:  9    God:    Trog [**....]
Gold:   65         SH:  0    Dex: 13    Spells: 3/3 levels left

rFire    . . .     SeeInvis .   a - +0 mace
rCold    . . .     Gourm    .   (no shield)
rNeg     . . .     Faith    .   k - +0 scale mail
rPois    .         Spirit   .   (helmet restricted)
rElec    .         Reflect  .   (no cloak)
rCorr    .         Harm     .   (no gloves)
MR       .....                  (no boots)
Stlth    ..........             (no amulet)
Regen    0.2/turn               (no ring)
MPRegen  0.1/turn               (no ring)

@: no status effects
A: horns 1, thin metallic scales 1
a: Berserk, Trog's Hand, Burn Spellbooks, Renounce Religion


You were on level 2 of the Dungeon.
You worshipped Trog.
Trog was pleased with you.
You were not hungry.

You visited 1 branch of the dungeon, and saw 2 of its levels.

You collected 65 gold pieces.

Inventory:

Hand Weapons
 a - a +0 mace (weapon)
Armour
 b - a +0 animal skin
 g - a +0 ring mail
 k - a +0 scale mail (worn)
Scrolls
 e - 2 scrolls of remove curse {unknown}
 f - a scroll of identify {unknown}
 l - a scroll of fear {unknown}
Potions
 d - a potion of heal wounds {unknown}
 j - a potion of brilliance {unknown}
 m - a potion of magic {unknown}
Comestibles
 c - 3 bread rations
 i - 2 meat rations


   Skills:
 + Level 4.0 Fighting
 - Level 2.6 Maces & Flails
 + Level 3.0 Armour
 - Level 1.7 Dodging


You had 3 spell levels left.
You didn't know any spells.

Dungeon Overview and Level Annotations

Branches:
Dungeon (2/15)

Altars:


Innate Abilities, Weirdness & Mutations

You have a pair of small horns on your head.
You are partially covered in thin metallic scales. (AC +2)


Message History

You sock the rat!
You kill the rat!
Trog accepts your kill.
You start resting.
You are feeling very hungry.
There is a stone staircase leading down here.
You eat one of the 4 bread rations.
That bread ration really hit the spot!
(D) Dungeon
Where to? (Enter - D:1, ? - help)
You climb downwards.
The gnoll hits you with a spear of piercing.
The gnoll closely misses you.
There is a stone staircase leading up here.
You can't go down here!
You hit the gnoll but do no damage.
The gnoll hits you with a spear of piercing.
The gnoll hits you with a spear of distortion.
Space warps horribly around you!
Ouch! That really hurt!
You die...

#..#
#.##
#.#
#.#
# #
#)#
#.##
#.#
#...
#g#
####
#g#
# #
#@#
...
#g#
#.
#.#
#.#
#.
#.#
....
#.#
#.##
#.#
#
#.#
###
#.#
#..


You could see 3 gnolls.

Vanquished Creatures
  2 gnolls
  An ooze (D:2)
  3 worms
  A dart slug (D:1)
  2 ball pythons
  A giant cockroach (D:1)
  5 goblins
  2 hobgoblins
  5 kobolds
  7 bats
  2 frilled lizards (D:1)
  4 rats (D:1)
35 creatures vanquished.

Notes
Turn   | Place    | Note
-------+----------+-------------------------------------------
     0 | D:1      | grindst0ne the Demonspawn Berserker began the quest for the Orb.
     0 | D:1      | Reached XP level 1. HP: 18/18 MP: 1/1
   319 | D:1      | Gained mutation: You are partially covered in thin metallic scales. (AC +2) [demonic ancestry]
   319 | D:1      | Reached XP level 2. HP: 12/24 MP: 2/2
   628 | D:1      | Gained mutation: You have a pair of small horns on your head. [demonic ancestry]
   628 | D:1      | Reached XP level 3. HP: 29/29 MP: 3/3
   980 | D:2      | Reached ** piety under Trog
  1311 | D:2      | Reached skill level 4 in Fighting
  1320 | D:2      | Reached XP level 4. HP: 20/37 MP: 4/4
  1512 | D:2      | Slain by a gnoll

Vault maps used:
D:1:      elethiomel_arrival_maze, st_stairs_7
D:2:      nemelex_lonely_heart_becter

Skill      XL: |  1  2  3 |
---------------+----------+-----
Armour         | 2 3 |  3.0
Fighting       | 4 |  4.0
Maces & Flails | |  2.6
Dodging        | |  1.7

Action                   |  1- 3 |  4- 6 || total
-------------------------+-------+-------++-------
Melee: Mace              |   109 |     3 ||   112
       Headbutt          |    15 |     1 ||    16
  Eat: Chunk             |     1 |       ||     1
       Bread ration      |       |     1 ||     1
Armor: Ring mail         |    22 |       ||    22
       Scale mail        |    26 |       ||    26
Dodge: Dodged            |    76 |     3 ||    79
